 Dungeon Crawl Stone Soup version bcrawl-1.19.2-6-g6a88ae04c9 (webtiles) character file.

Game seed: 6500876880913796735

8373 MisterOstroum the Skirmisher (level 11, -1/83 HPs)
             Began as a Demonspawn Skald on Jan 13, 2020.
             Was a Priest of Sif Muna.
             Slain by a meliai
             ... wielding a +0 hand axe
              (2 damage)
             ... on level 9 of the Dungeon.
             The game lasted 00:35:14 (10243 turns).

MisterOstroum the Skirmisher (Demonspawn Skald)    Turns: 10243, Time: 00:35:15

Health: -1/83      AC: 11    Str: 15    XL:     11   Next: 9%
Magic:  4/18       EV: 17    Int: 18    God:    Sif Muna [***...]
Gold:   561        SH:  0    Dex: 12    Spells: 8/20 levels left

rFire    + . .     SeeInvis .   a - +0 whip (elec)
rCold    . . .     Gourm    .   (no shield)
rNeg     . . .     Faith    +   Q - +1 leather armour {rF+}
rPois    .         Spirit   .   (helmet restricted)
rElec    .         Reflect  .   o - +1 cloak
rCorr    .         Harm     .   N - +0 pair of gloves
MR       .....                  p - +0 pair of boots
Stlth    +.........             f - amulet of faith
HPRegen  0.23/turn              A - +3 ring of intelligence
MPRegen  0.16/turn              M - +3 ring of evasion

@: lethally poisoned (-1 -> -8), singing, invisible, divine energy
A: horns 2, molten scales 1, powered by death 2, spiny 1
a: Stop Divine Energy, Channel Magic, Renounce Religion


You were on level 9 of the Dungeon.
You worshipped Sif Muna.
Sif Muna was most pleased with you.
You were hungry.

You visited 1 branch of the dungeon, and saw 9 of its levels.
You also visited: Sewer.

You collected 616 gold pieces.
You spent 55 gold pieces at shops.

Inventory:

Hand Weapons
 a - a +0 whip of electrocution (weapon)
 b - a +3 quarterstaff of chaos
 h - a +0 spear
 B - a +2 dagger of venom
 C - the +7 mace of the Saviour {elec, MR+ Int+3}
   (You found it on level 4 of the Dungeon)

   Occasionally, upon striking a foe, it will discharge some electrical energy
   and cause terrible harm.
   It affects your intelligence (+3).
   It affects your resistance to hostile enchantments.
 E - a +0 hunting sling
 J - a +0 trident of venom
 O - a +0 blowgun
Missiles
 g - 414 tomahawks (quivered)
 j - 2 throwing nets {!f!f}
 m - 1388 stones
 x - 326 sling bullets
 R - 22 poisoned needles
Armour
 o - a +1 cloak (worn)
 p - a +0 pair of boots (worn)
 N - a +0 pair of gloves (worn)
 Q - a +1 leather armour of fire resistance (worn)
Jewellery
 f - an amulet of faith (around neck)
 w - an uncursed ring of poison resistance
 A - a +3 ring of intelligence (left hand)
 M - a +3 ring of evasion (right hand)
Scrolls
 c - 3 scrolls of teleportation
 d - 2 scrolls of fear {!r}
 i - a scroll of magic mapping {unknown}
 k - a scroll of fog {unknown}
 t - 2 scrolls of noise {unknown}
 y - 5 scrolls of remove curse {unknown}
 D - 2 scrolls of enchant weapon {unknown}
 H - 3 scrolls of enchant armour {unknown}
 K - a scroll of blinking {unknown}
 L - 5 scrolls of identify {@r1}
 P - a scroll of summoning {unknown}
Potions
 n - 2 potions of mutation
 q - 3 potions of berserk rage
 r - a potion of haste {unknown}
 s - a potion of lignification {unknown}
 u - a potion of agility {unknown}
 v - 5 potions of curing {@q1 !q}
 z - 2 potions of magic
 G - 3 potions of flight
 I - a potion of heal wounds {unknown}
Comestibles
 e - 22 rations {!d}
 F - 2 chunks of flesh


   Skills:
 * Level 6.4 Fighting
 - Level 6.3(6.6) Maces & Flails
 - Level 1.8(2.6) Polearms
 * Level 2.8(5.1) Staves
 - Level 4.6 Armour
 + Level 5.5 Dodging
 + Level 5.1 Spellcasting
 + Level 5.3 Hexes
 - Level 6.1 Charms
 + Level 6.1 Necromancy
 * Level 2.7 Ice Magic


You had 8 spell levels left.
You knew the following spells:

 Your Spells              Type           Power        Failure   Level  Hunger
a - Infusion              Chrm           ####....     1%          1    None
b - Song of Slaying       Chrm           ####....     1%          2    #......
c - Spectral Weapon       Hex/Chrm       ####....     4%          3    ##.....
d - Ozocubu's Armour      Chrm/Ice       ###.....     8%          3    ##.....
H - Regeneration          Chrm/Necr      ####......   3%          3    ##.....

Your spell library contained the following spells:

 Spells                   Type           Power        Failure   Level  Hunger
 Corona                   Hex            ###....      1%          1    None
 Sublimation of Blood     Necr           ####......   1%          2    #......
 Ensorcelled Hibernation  Hex/Ice        ###...       4%          2    #......
 Confuse                  Hex            ###.....     5%          3    ##.....
 Tukima's Dance           Hex            ###.....     5%          3    ##.....
 Flaming Arrows           Chrm/Fire      ###.....     7%          2    #......
 Throw Frost              Conj/Ice       #.....       13%         2    #......
 Flame Tongue             Conj/Fire      #....        16%         1    None
 Dazzling Spray           Conj/Hex       ##....       16%         3    ##.....
 Inner Flame              Hex/Fire       N/A          16%         3    ##.....
 Call Imp                 Summ           #.....       24%         2    #......
 Poisonous Vapours        Pois/Air       #.....       24%         2    #......
 Searing Ray              Conj           #.......     24%         2    #......
 Sticks to Snakes         Tmut           #.......     24%         2    #......
 Piercing Shot            Chrm           ####......   34%         5    ######.
 Conjure Flame            Conj/Fire      #.......     43%         3    ##.....
 Iskenderun's Mystic Bla  Conj           #.......     43%         3    ##.....
 Mephitic Cloud           Conj/Pois/Air  #.......     43%         3    ##.....
 Bolt of Draining         Conj/Necr      ###.......   77%         5    ######.
 Iskenderun's Battlesphe  Conj/Chrm      ###.....     77%         5    ######.
 Sticky Flame             Conj/Fire      #.......     83%         4    ####...
 Fireball                 Conj/Fire      #.........   99%         5    ######.
 Spellforged Servitor     Conj/Summ      #.........   100%        7    #######


Dungeon Overview and Level Annotations

Branches:
Dungeon (9/12)             Temple (0/1) D:6            Lair (0/6) D:8
    Orc (0/1) D:9

Altars:
Ashenzari
Cheibriados
Fedhas
Hepliaklqana
Kikubaaqudgha
Makhleb
Nemelex Xobeh
Okawaru
Ru
Sif Muna
Uskayaw
Vehumet
Yredelemnul
Beogh

Shops:
D:4 !

Annotations:
D:4 exclusions: ogre and 1 more exclusion


Innate Abilities, Weirdness & Mutations

You have a pair of horns on your head.
You are partially covered in molten scales. (AC +2)
You regenerate health from kills.
You are partially covered in sharp spines.


Message History

You feel sick.
Your spectral weapon barely misses the yak.
The yak barely misses you.
You hit the yak but do no damage. You headbutt the yak.
The yak is moderately wounded.
Your spectral weapon hits the yak.
The orc closely misses you.
You hit the yak. Lightning courses through the yak!
The yak is severely wounded.
You are no longer magically infusing your attacks.
You regain access to your magic.
Your spectral weapon hits the yak!
You kill the yak!
Sif Muna accepts your kill. The orc is struck by your spines.
The orc completely misses you.
You barely miss the orc.
The orc is lightly wounded.
Your spectral weapon hits the orc.
You closely miss the orc. You headbutt the orc.
You kill the orc!
Sif Muna accepts your kill. The orc warrior misses you.
You hit the orc warrior.
Lightning courses through the orc warrior!
The orc warrior is heavily wounded.
You feel sick.
You are no longer poisoned.
Your spectral weapon hits the orc warrior but does no damage.
The orc warrior hits your spectral weapon with a +0 scimitar!
Your spectral weapon shares its damage with you!
Your spectral weapon fades away.
The yak is struck by your spines. The yak misses you.
You barely miss the orc warrior.
The orc warrior is heavily wounded.
The yak is struck by your spines. The yak gores you.
You see here a +0 war axe.
You hear a shout!
Things that are here:
a +0 flail; a +0 chain mail; an orc corpse The orc throws a tomahawk.
The tomahawk misses you. The yak misses you.
You closely miss the orc warrior.
The orc warrior is heavily wounded.
The orc warrior is struck by your spines.
The orc warrior completely misses you.
The orc throws a tomahawk.
The tomahawk closely misses you.
You closely miss the orc warrior.
The orc warrior is heavily wounded.
The yak is struck by your spines. The yak gores you!
The orc warrior hits you with a +0 scimitar!
You hit the orc warrior.
The orc warrior is severely wounded.
The yak is struck by your spines. The yak gores you!
An orc comes into view. It is wielding a +0 falchion.
A meliai comes into view. It is wielding a +0 hand axe.
Found a gold piece.
You hear an angry buzzing noise.
The meliai hits you but does no damage. The meliai closely misses you.
You hit the meliai. Lightning courses through the meliai!
The meliai is almost dead.
The meliai mumbles some strange prayers to its god against you.
Something smites you!
The orc warrior hits you with a +0 scimitar.
You closely miss the meliai.
The meliai is severely wounded.
The meliai calls down the wrath of its god upon you.
Something smites you!
The meliai invokes the aid of its god against you.
Something smites you!
You closely miss the meliai.
The meliai is severely wounded.
The meliai is struck by your spines.
You kill the meliai!
Sif Muna accepts your kill. The meliai barely misses you. x2
You hit the meliai.
The meliai is lightly wounded.
The meliai is struck by your spines. The meliai hits you but does no damage.
The meliai stings you but does no damage.
The orc warrior is struck by your spines.
The orc warrior hits you with a +0 scimitar.
You closely miss the meliai. Your headbutt misses the meliai.
The meliai is lightly wounded.
The meliai hits you with a +0 hand axe. The meliai closely misses you.
The yak is struck by your spines. The yak gores you.
* * * LOW HITPOINT WARNING * * *
You closely miss the orc warrior.
The orc warrior is almost dead.
The meliai hits you but does no damage. The meliai stings you.
* * * LOW HITPOINT WARNING * * *
You are poisoned.
The meliai poisons you! The orc closely misses you.
The orc warrior hits you with a +0 scimitar!
* * * LOW HITPOINT WARNING * * *
The meliai completely misses you.
The meliai stings you but does no damage.
Okay, then.
It was a potion of invisibility.
You fade into invisibility!
* * * LOW HITPOINT WARNING * * *
You feel sick. The meliai barely misses you. The meliai stings you.
You die...

# # ..# # # #.## .# #
######..##..# ###
#........#.# ..#####
..$...$...# .)....#
........# )#.)..###
###Yoy##.#
####...)#####oYo@)...#
##.)[.##..o#####.##
#.)..)...##....
######))....# #..o..##
#.....8))#..#
#.....'..#..#
#..⌠..8.##..#
#.....#.# #.#


You could see 2 yaks, an orc warrior, a meliai and 3 orcs.

Vanquished Creatures
  Pikel (D:4)
  A centaur zombie (D:9)
  A gargoyle (D:8)
  2 trolls (D:8)
  2 meliai (D:9)
  Grinder (D:5)
  A hippogriff (D:6)
  Sigmund (D:5)
  A yak (D:9)
  Eustachio (D:5)
  3 hungry ghosts
  Menkaure (D:7)
  A soldier ant (D:5)
  A water moccasin (D:9)
  3 porcupines (D:8)
  4 slaves
  A black bear (D:7)
  2 orc warriors
  2 ice beasts
  2 phantoms
  3 sky beasts
  5 ogres
  5 centaurs
  6 bullfrogs
  2 big kobolds
  4 scorpions
  3 killer bees (D:8)
  An electric eel (D:6)
  5 crimson imps
  A quasit (D:8)
  5 orc priests
  A hound (D:4)
  9 orc wizards
  Crazy Yiuf (D:4)
  5 iguanas
  6 jellies
  A gnoll shaman (D:7)
  2 bullfrog skeletons (D:6)
  3 centaur skeletons
  5 worker ants
  A hound zombie (D:6)
  2 hound skeletons
  Robin (D:4)
  A howler monkey zombie (D:8)
  A worker ant zombie (D:5)
  4 gnolls (D:7)
  A howler monkey skeleton (D:5)
  7 adders
  2 river rats (Sewer)
  A shadow imp (D:5)
  7 oozes
  An adder zombie (D:6)
  A worm (D:3)
  4 leopard geckos
  57 orcs
  8 bats
  8 giant cockroaches
  16 goblins
  10 hobgoblins
  20 jackals
  8 quokkas
  A ball python (D:4)
  2 frilled lizards
  A jackal zombie (D:8)
  17 kobolds
  8 rats
  A plant (D:8)
296 creatures vanquished.

Vanquished Creatures (others)
  An orc (D:6)
  3 fungi (D:8)
  A plant (D:8)
  3 spectral weapons
8 creatures vanquished.

Grand Total: 304 creatures vanquished

Notes
Turn   | Place    | Note
-------+----------+-------------------------------------------
     0 | D:1      | MisterOstroum the Demonspawn Skald began the quest for the
                  | Orb.
     0 | D:1      | Reached XP level 1. HP: 16/16 MP: 3/3
   272 | D:1      | Reached skill level 1 in Maces & Flails
   276 | D:1      | Gained mutation: You regenerate a little health from kills.
                  | [demonic ancestry]
   276 | D:1      | Reached XP level 2. HP: 16/22 MP: 5/5
   393 | D:1      | Learned a level 2 spell: Song of Slaying
  1208 | D:2      | Reached XP level 3. HP: 24/27 MP: 2/6
  1374 | D:2      | Learned a level 3 spell: Regeneration
  1609 | D:2      | Gained mutation: You have a pair of small horns on your
                  | head. [demonic ancestry]
  1609 | D:2      | Reached XP level 4. HP: 19/33 MP: 0/7
  1892 | D:2      | Found a shattered altar of Ashenzari.
  2162 | D:2      | Found a shimmering blue altar of Sif Muna.
  2342 | D:3      | Noticed a phantom
  2368 | D:3      | Killed a phantom
  2368 | D:3      | Gained mutation: You are partially covered in molten
                  | scales. (AC +2) [demonic ancestry]
  2368 | D:3      | Reached XP level 5. HP: 32/38 MP: 4/8
  2759 | D:2      | Became a worshipper of Sif Muna the Loreminder
  3104 | D:4      | Found a basalt altar of Yredelemnul.
  3145 | D:4      | Reached skill level 1 in Necromancy
  3161 | D:4      | Reached XP level 6. HP: 41/44 MP: 0/9
  3246 | D:4      | Found Bugim's Distillery.
  3254 | D:4      | Noticed a slave
  3258 | D:4      | Noticed a slave
  3259 | D:4      | Noticed a slave
  3261 | D:4      | Noticed a slave
  3284 | D:4      | Killed a slave
  3285 | D:4      | Noticed Pikel
  3325 | D:3      | Killed a slave
  3541 | D:4      | Bought a potion of berserk rage for 55 gold pieces
  3545 | D:4      | Learned a level 3 spell: Spectral Weapon
  3608 | D:4      | Noticed Robin
  3614 | D:4      | Killed Robin
  3735 | D:4      | Found a burning altar of Makhleb.
  3868 | D:4      | Reached * piety under Sif Muna
  3868 | D:4      | Reached skill level 1 in Hexes
  4026 | D:4      | Killed a slave
  4032 | D:4      | Killed Pikel
  4032 | D:4      | Reached skill level 5 in Maces & Flails
  4032 | D:4      | Gained mutation: You have a pair of horns on your head.
                  | [demonic ancestry]
  4032 | D:4      | Reached XP level 7. HP: 47/52 MP: 0/10
  4509 | D:4      | Identified Sif Muna's Grimoire of Assistive Transformation
                  | (Sif Muna gifted it to you on level 4 of the Dungeon)
  4509 | D:4      | Received a gift from Sif Muna
  4600 | D:4      | Found a runed door.
  4602 | D:4      | Got a steaming mace
  4603 | D:4      | Identified the +7 mace of the Saviour {elec, MR+ Int+3}
                  | (You found it on level 4 of the Dungeon)
  4637 | D:4      | Noticed Crazy Yiuf
  4641 | D:4      | Killed Crazy Yiuf
  4641 | D:4      | Reached XP level 8. HP: 47/58 MP: 2/11
  4748 | D:5      | Entered Level 5 of the Dungeon
  4802 | D:5      | Reached skill level 1 in Armour
  4807 | D:5      | Reached skill level 5 in Charms
  4863 | D:5      | Reached ** piety under Sif Muna
  4882 | D:5      | Noticed Grinder
  4925 | D:5      | Killed Grinder
  4960 | D:5      | Noticed Eustachio
  4973 | D:5      | Killed Eustachio
  5071 | D:5      | Noticed Sigmund
  5078 | D:5      | Killed Sigmund
  5078 | D:5      | Gained mutation: You regenerate health from kills. [demonic
                  | ancestry]
  5078 | D:5      | Reached XP level 9. HP: 66/66 MP: 3/13
  5154 | D:5      | Found a glowing drain.
  5166 | Sewer    | Entered a sewer
  5272 | Sewer    | Found a white marble altar of Elyvilon.
  5678 | D:5      | Found an iron altar of Okawaru.
  5817 | D:5      | Got a bloodstained hand axe
  5908 | D:6      | Found a snail-covered altar of Cheibriados.
  6195 | D:6      | Found a staircase to the Ecumenical Temple.
  6263 | D:6      | Identified Sif Muna's Reference Book on Battle Magic (Sif
                  | Muna gifted it to you on level 6 of the Dungeon)
  6263 | D:6      | Received a gift from Sif Muna
  6263 | D:6      | Reached skill level 5 in Fighting
  6291 | D:6      | Found a blossoming altar of Fedhas.
  6291 | D:6      | Found a sacrificial altar of Ru.
  6308 | D:6      | Found a radiant altar of Vehumet.
  6310 | D:6      | Found an ancient bone altar of Kikubaaqudgha.
  6639 | D:6      | Found a sparkling altar of Nemelex Xobeh.
  6644 | D:6      | Reached *** piety under Sif Muna
  7190 | D:7      | Reached XP level 10. HP: 61/74 MP: 7/16
  7201 | D:7      | Reached skill level 5 in Necromancy
  7852 | D:7      | Noticed Menkaure
  7860 | D:7      | Killed Menkaure
  7985 | D:8      | Reached skill level 5 in Dodging
  8154 | D:8      | Noticed a gargoyle
  8176 | D:8      | Killed a gargoyle
  8176 | D:8      | Reached skill level 5 in Spellcasting
  8189 | D:8      | Found a hide-covered altar of Uskayaw.
  8208 | D:8      | Reached skill level 1 in Staves
  8213 | D:8      | Learned a level 3 spell: Ozocubu's Armour
  8712 | D:8      | Found a runed door.
  8776 | D:8      | Reached skill level 1 in Ice Magic
  8827 | D:8      | Identified Sif Muna's Witchery Continued (Sif Muna gifted
                  | it to you on level 8 of the Dungeon)
  8827 | D:8      | Received a gift from Sif Muna
  9050 | D:8      | Reached skill level 5 in Hexes
  9235 | D:8      | Found a hazy altar of Hepliaklqana.
  9293 | D:8      | Found a staircase to the Lair.
  9632 | D:8      | Found a roughly hewn altar of Beogh.
 10094 | D:9      | Gained mutation: You are partially covered in sharp spines.
                  | [demonic ancestry]
 10094 | D:9      | Reached XP level 11. HP: 62/82 MP: 13/18
 10211 | D:9      | Found a roughly hewn altar of Beogh.
 10211 | D:9      | Found a staircase to the Orcish Mines.
 10242 | D:9      | HP: 2/83 [orc warrior/+0 scimitar (17)]
 10243 | D:9      | Slain by a meliai

Skill      XL: |  1  2  3  4  5  6  7  8  9 10 |
---------------+-------------------------------+-----
Maces & Flails | 1 2 3 4 5 6 |  6.3
Charms         | 3 4 5 6 |  6.1
Necromancy     | 1 2 3 4 6 |  6.1
Hexes          | 3 4 5 |  5.3
Fighting       | 3 4 5 6 |  6.4
Armour         | 2 4 |  4.6
Dodging        | 3 4 5 |  5.5
Spellcasting   | 4 5 |  5.1
Staves         | 2 |  2.8
Ice Magic      | 2 |  2.7
Polearms       | |  1.8

Action                   |  1- 3 |  4- 6 |  7- 9 | 10-12 || total
-------------------------+-------+-------+-------+-------++-------
Melee: Whip              |   128 |   155 |   173 |   154 ||   610
       Spear             |     2 |       |       |       ||     2
       Headbutt          |       |    23 |    40 |    42 ||   105
       Mace              |       |       |     2 |       ||     2
       Quarterstaff      |       |       |    79 |   133 ||   212
Throw: Tomahawk          |     1 |     4 |     3 |    11 ||    19
 Cast: Infusion          |     6 |     7 |     8 |     8 ||    29
       Song of Slaying   |     2 |    10 |    14 |     7 ||    33
       Regeneration      |       |     4 |     8 |    14 ||    26
       Spectral Weapon   |       |     1 |    20 |    22 ||    43
       Ozocubu's Armour  |       |       |       |     8 ||     8
Invok: Divine Energy     |       |     1 |       |       ||     1
  Use: Scroll            |     1 |     5 |       |     1 ||     7
       Potion            |       |       |       |     1 ||     1
 Stab: Distracted        |       |       |     1 |     1 ||     2
       Petrifying        |       |       |       |     1 ||     1
  Eat: Chunk             |     2 |    10 |    13 |    14 ||    39
       Ration            |       |       |     1 |       ||     1
Armor: Leather armour    |    50 |    43 |    54 |    83 ||   230
Dodge: Dodged            |    69 |    71 |   130 |   193 ||   463
